 Dungeon Crawl Stone Soup version 0.29.1-15-g9cfb28693d (webtiles) character file.

Game seed: 17621647455128982928

336 LustLizard the Sneak (level 6, -8/36 (37) HPs)
             Began as a Kobold Brigand on Apr 1, 2023.
             Mangled by a wight
             ... wielding a +4 scimitar
              (16 damage)
             ... on level 4 of the Dungeon.
             The game lasted 00:05:32 (3705 turns).

LustLizard the Sneak (Kobold Brigand)               Turns: 3705, Time: 00:05:33

HP:   -8/36 (37)    AC:  8    Str:  9    XL:     6   Next: 84%
MP:   6/6           EV: 17    Int: 12    God:
Gold: 198           SH:  0    Dex: 18    Spells: 5/5 levels left

rFire   . . .      SeeInvis .   a - +2 dagger
rCold   . . .      Faith    .   (no shield)
rNeg    . . .      Spirit   .   C - +2 ring mail {rPois}
rPois   +          Reflect  .   (no helmet)
rElec   .          Harm     .   c - +0 cloak
rCorr   .          Rampage  .   (no gloves)
Will    .....                   (no boots)
Stlth   ++++......              (no amulet)
HPRegen 0.12/turn               n - +4 ring of evasion
MPRegen 0.10/turn               (no ring)

@: lightly drained
A: small, no large weapons, nightstalker 3
a: no special abilities


You were on level 4 of the Dungeon.
You visited 1 branch of the dungeon, and saw 4 of its levels.

You collected 198 gold pieces.

Inventory:

Hand Weapons
 a - a +2 dagger (weapon)
Missiles
 d - 9 poisoned darts (quivered)
 e - 3 curare-tipped darts
 h - 13 stones
Armour
 c - a +0 cloak (worn)
 j - a +0 leather armour
 C - a +2 ring mail of poison resistance (worn)
Jewellery
 i - a ring of ice
 n - a +4 ring of evasion (left hand)
Wands
 w - a wand of iceblast (6)
 A - a wand of polymorph (7)
 B - a wand of flame (2)
Scrolls
 f - 2 scrolls of fear {unknown}
 l - 2 scrolls of poison {unknown}
 m - 2 scrolls of magic mapping {unknown}
 o - a scroll of enchant weapon {unknown}
 p - 2 scrolls of identify {unknown}
 r - a scroll of vulnerability {unknown}
 u - 2 scrolls of teleportation
 x - a scroll of immolation {unknown}
 y - a scroll of noise {unknown}
Potions
 b - 3 potions of invisibility {unknown}
 g - 2 potions of curing
 k - 2 potions of haste {unknown}
 q - a potion of heal wounds
 s - a potion of brilliance {unknown}
 t - a potion of berserk rage {unknown}
 v - a potion of ambrosia {unknown}
 z - a potion of attraction {unknown}


   Skills:
 + Level 3.5 Fighting
 * Level 5.5 Short Blades
 + Level 3.4 Throwing
 + Level 3.3 Dodging
 + Level 6.4 Stealth


You had 5 spell levels left.
You didn't know any spells.
Your spell library contained the following spells:

 Spells                   Type           Power      Damage    Failure   Level
 Foxfire                  Conj/Fire      0%         2x1d4     67%         1
 Sandblast                Erth           0%         2d4       67%         1
 Sting                    Tmut/Pois      0%         1d3       67%         1
 Summon Small Mammal      Summ           0%         N/A       67%         1
 Passwall                 Tmut/Erth      0%         N/A       80%         2
 Poisonous Vapours        Pois/Air       0%         N/A       80%         2
 Call Canine Familiar     Summ           0%         N/A       95%         3
 Conjure Flame            Conj/Fire      0%         6-21      95%         3
 Frozen Ramparts          Ice            0%         1d1       95%         3
 Inner Flame              Hex/Fire       0%         N/A       95%         3
 Stone Arrow              Conj/Erth      0%         3d7       95%         3
 Summon Guardian Golem    Hex/Summ       0%         N/A       95%         3
 Cause Fear               Hex            0%         N/A       100%        4
 Flame Wave               Conj/Fire      0%         2d4       100%        4
 Ice Form                 Ice/Tmut       0%         N/A       100%        4
 Olgreb's Toxic Radiance  Pois           0%         N/A       100%        4
 Summon Ice Beast         Ice/Summ       0%         N/A       100%        4
 Discord                  Hex            0%         N/A       100%        8


Dungeon Overview and Level Annotations

Branches:
Dungeon (4/15)
 Temple: D:4-7

Altars:
Nemelex Xobeh


Innate Abilities, Weirdness & Mutations

You are small and have problems with some larger weapons.
You are completely attuned to the shadows.


Message History

* * * LOW HITPOINT WARNING * * *
You hit Blork the orc.
Blork the orc is almost dead.
Blork the orc barely misses you.
Unknown command.
You feel much better.
Blork the orc casts a cantrip, but nothing happens.
You hit Blork the orc.
You kill Blork the orc!
You hit the goblin.
The goblin is severely wounded.
You hit the goblin.
You kill the goblin!
Things that are here:
a +0 dagger; a +0 long sword; a +2 robe of willpower
Okay, then.
You see here a +0 club.
d - 9 poisoned darts (gained 1)
e - 3 curare-tipped darts (gained 1)
A wight comes into view. It is wielding a +4 scimitar.
A wight comes into view. It is wielding a +1 spear.
You hit the wight but do no damage. You barely miss the wight.
The wight completely misses you. The wight hits you with a +4 scimitar.
You feel drained.
You hit the wight but do no damage. You hit the wight.
The wight is lightly damaged.
The wight hits you from afar with a +1 spear.
The wight hits you with a +4 scimitar!
You closely miss the wight.
The wight is lightly damaged.
The wight misses you. The wight closely misses you.
You hit the wight but do no damage.
The wight is lightly damaged.
The wight hits you from afar with a +1 spear!
The wight hits you with a +4 scimitar!
* * * LOW HITPOINT WARNING * * *
The wight closely misses you. The wight attacks as you move away!
The wight hits you with a +4 scimitar!
You die...

#..##..##..##..##.....
... #..##.............
......................
.....................
..##....##...........
........##...........
...#................ .
#.#................ ..
##z@.....###........
...#z.......####..#....
#............##.###...
...#..............#.##.
#. ##...###..###.......
# ..... #.....###....
#......#..........
#.###.#.#.###.
#.###.####


You could see 2 wights.

Vanquished Creatures
  A phantom (D:4)
  Blork the orc (D:4)
  A necrophage (D:4)
  A jelly (D:4)
  Ijyb (D:4)
  2 adders
  A worm (D:3)
  4 dart slugs
  An orc (D:3)
  6 ball pythons
  2 endoplasms (D:3)
  2 giant cockroaches
  3 goblins
  7 hobgoblins
  4 jackals
  3 quokkas
  3 bats
  A frilled lizard (D:2)
  2 kobolds
  6 rats
52 creatures vanquished.

Notes
Turn   | Place    | Note
-------+----------+-------------------------------------------
     0 | D:1      | LustLizard the Kobold Brigand began the quest for the Orb.
     0 | D:1      | Reached XP level 1. HP: 12/12 MP: 1/1
   183 | D:1      | Reached XP level 2. HP: 18/18 MP: 2/2
   436 | D:1      | Found a faded altar of an unknown god.
   559 | D:1      | Reached XP level 3. HP: 18/22 MP: 3/3
  1682 | D:3      | Reached XP level 4. HP: 27/27 MP: 4/4
  1949 | D:3      | Found a sparkling altar of Nemelex Xobeh.
  2751 | D:4      | Noticed Ijyb
  2850 | D:4      | Noticed Blork the orc
  2889 | D:4      | Noticed a phantom
  2948 | D:4      | Killed a phantom
  2949 | D:4      | Reached skill level 6 in Stealth
  2949 | D:4      | Reached XP level 5. HP: 17/32 MP: 5/5
  3122 | D:4      | Reached skill level 5 in Short Blades
  3122 | D:4      | Reached XP level 6. HP: 32/37 MP: 6/6
  3289 | D:4      | Killed Ijyb
  3631 | D:4      | Killed Blork the orc
  3705 | D:4      | Mangled by a wight

Illustrated notes

Levels and vault maps discovered:
D:1:      grunt_arrival_lava_bath, layout_rooms, basic_ecumenical_altar,
          chequers_decorated_corner
D:2:      layout_loops_ring, minmay_misc_feat_cross
D:3:      layout_loops_corners, nemelex_dance_club_becter, minmay_quantized
D:4:      layout_cave_pools, hangedman_decor_growths, minmay_crystal_water,
          uniq_blork_the_orc, uniq_ijyb

Skill      XL: |  1  2  3  4  5  6 |
---------------+-------------------+-----
Short Blades   | 3 4 5 |  5.5
Dodging        | 2 3 |  3.3
Fighting       | 3 |  3.5
Throwing       | 3 |  3.4
Stealth        | 6 |  6.4

Action                   |  1- 3 |  4- 6 || total
-------------------------+-------+-------++-------
Melee: Dagger            |    79 |   173 ||   252
       Punch             |     1 |       ||     1
Throw: Dart              |       |     2 ||     2
  Use: Scroll            |       |     1 ||     1
       Potion            |       |     5 ||     5
 Stab: Sleeping          |    17 |     7 ||    24
Armor: Robe              |     6 |       ||     6
       Leather armour    |    15 |    13 ||    28
       Ring mail         |       |     1 ||     1
Dodge: Dodged            |    33 |   103 ||   136
